[Event "125-Jahre Werder Bremen 2024"]
[Site "Bremen"]
[Date "2024.03.02"]
[Round "1.1"]
[White "Aditya Mittal"]
[Black "Guichard, Pauline"]
[Result "1-0"]
[ECO "C48"]
[WhiteElo "2594"]
[BlackElo "2385"]
[Annotator "TA"]
[PlyCount "67"]
[EventDate "2024.02.26"]
[EventType "swiss"]
[EventCountry "GER"]
[SourceTitle "playchess.com"]
[Source "ChessBase"]
[SourceQuality "1"]
[TimeControl "40/6000+30:1800+30"]

1. e4 e5 2. Nf3 Nc6 3. Bb5 Nf6 4. d3 Bc5 5. Nc3 Nd4 6. Nxe5 O-O 7. Bc4 d6 8. Nxf7 {[%emt 0:00:05] The position is equal.} Rxf7 9. Bxf7+ Kxf7 10. h3 (10. Be3 {seems wilder.} Ng4 11. Nd5 c6 12. c3) 10... a5 11. Bg5 Ne6 {[%emt 0:25:47] A dynamic duo of knights.} 12. Bh4 Kg8 {[%emt 0:06:06][%mdl 1024] Black has compensation.} 13. Qd2 c6 (13... Nxe4 $6 14. Bxd8 Nxd2 15. Bh4 $16) 14. Ne2 a4 (14... Nxe4 15. Bxd8 Nxd2 16. Bh4 $16) 15. c3 b5 (15... Nxe4 $6 16. Bxd8 Nxd2 (16... Bxf2+ $2 17. Kf1 $18) 17. Be7 $16) 16. Rd1 (16. f4 $5) 16... Qf8 (16... Nxe4 17. Bxd8 Nxd2 18. Bh4 $18) 17. f4 Ra7 18. f5 Nd8 19. g4 (19. d4 $5 Bb6 $8 (19... Nxe4 $2 {is the wrong capture.} 20. Qe3 $18) 20. Ng3 $11) 19... Re7 20. Ng3 Qe8 (20... d5 $11 {keeps the balance.}) 21. Kf1 b4 {[%emt 0:04:05] [#]} 22. Kg2 $1 $16 bxc3 23. bxc3 Ba7 (23... Qf7 $16 24. Rhe1 Bb6) 24. Rhe1 a3 25. Rb1 Rb7 (25... Qf8 $142 26. d4 Ba6) 26. Rxb7 $18 Bxb7 27. Bxf6 {[%emt 0:01:03] White is clearly winning.} gxf6 28. Nh5 Qf8 29. g5 fxg5 (29... Nf7 $142 30. Nxf6+ Kh8) 30. Qxg5+ Kh8 31. Kh2 {[%emt 0:01:07] [#] Hoping for d4.} Ba6 32. Qh4 Bxd3 33. Nf4 {[%emt 0:01:02] White threatens Ng6+ and mate.} Qg8 34. Qf6+ {[%emt 0:00:06] Weighted Error Value: White=0.10 (very precise) /Black=0.36.  Mistake:       	---       	Black=5      Inaccurate:     	White=2     	Black=1      OK:         	White=10    	Black=6      Best:        	White=1     	Black=1} 1-0

[Event "125-Jahre Werder Bremen 2024"]
[Site "Bremen"]
[Date "2024.03.02"]
[Round "1.2"]
[White "Reuker, Jari"]
[Black "Gumularz, Szymon"]
[Result "1/2-1/2"]
[ECO "E16"]
[WhiteElo "2383"]
[BlackElo "2590"]
[Annotator "ChessBase"]
[PlyCount "153"]
[EventDate "2024.02.26"]
[EventType "swiss"]
[EventCountry "GER"]
[SourceTitle "playchess.com"]
[Source "ChessBase"]
[SourceQuality "1"]
[TimeControl "40/6000+30:1800+30"]

1. d4 Nf6 2. c4 e6 3. Nf3 b6 4. g3 Bb7 5. Bg2 Bb4+ 6. Bd2 a5 7. O-O O-O 8. Nc3 d6 9. Qc2 Nbd7 10. Rfe1 Bxc3 11. Bxc3 Be4 12. Qa4 c5 13. Rad1 Qc7 14. dxc5 bxc5 15. Nd2 Bxg2 16. Kxg2 Rfb8 17. e4 h6 18. Re2 e5 19. Qc2 Nf8 20. Nf1 Ne6 21. Qd3 Nd4 22. Ree1 Qc6 23. Rd2 Qa4 24. Ne3 Qxa2 25. Nf5 Qa4 26. Nxd6 Qc6 27. Bxd4 cxd4 28. Nf5 Re8 29. Qa3 Re6 30. Ne7+ Rxe7 31. Qxe7 Nxe4 32. Rxd4 Nf6+ 33. Rd5 Nxd5 34. cxd5 Qxd5+ 35. Kg1 f6 36. Rc1 Qf7 37. Rc7 Qxe7 38. Rxe7 Rb8 39. Ra7 Rb5 40. h4 e4 41. b3 Kh7 42. Kg2 Kg6 43. Re7 Rxb3 44. Rxe4 Rb7 45. Ra4 Ra7 46. g4 Kf7 47. Kf3 Ke6 48. Ke4 Kd6 49. Kd4 Kc6 50. Kc4 Kb6 51. Kb3 Rd7 52. Rf4 Kc5 53. Rc4+ Kb5 54. Rf4 Rd5 55. Kc3 Kc6 56. f3 Kb5 57. Kb3 Re5 58. Kc3 Re3+ 59. Kc2 a4 60. g5 Re2+ 61. Kb1 fxg5 62. hxg5 h5 63. g6 Rg2 64. Rf5+ Kc4 65. Rxh5 Rxg6 66. Ra5 Kb4 67. Ra7 Rg1+ 68. Ka2 Rg2+ 69. Kb1 g5 70. Re7 Kc3 71. Re5 Kd3 72. Ra5 Ke3 73. Rf5 Kf2 74. Kb2 Kg3+ 75. Ka3 Kh4 76. Kxa4 Rd2 77. Kb3 1/2-1/2

[Event "125-Jahre Werder Bremen 2024"]
[Site "Bremen"]
[Date "2024.03.02"]
[Round "1.3"]
[White "Cheng, Bobby"]
[Black "Colbow, Collin"]
[Result "1-0"]
[ECO "D35"]
[WhiteElo "2584"]
[BlackElo "2373"]
[Annotator "TA"]
[PlyCount "73"]
[EventDate "2024.02.26"]
[EventType "swiss"]
[EventCountry "GER"]
[SourceTitle "playchess.com"]
[Source "ChessBase"]
[SourceQuality "1"]
[TimeControl "40/6000+30:1800+30"]

1. c4 e6 2. Nc3 d5 3. d4 Nf6 4. cxd5 exd5 5. Bg5 Bb4 6. e3 h6 7. Bh4 g5 8. Bg3 Ne4 9. a3 Bxc3+ {[%emt 0:15:50] The position is equal.} 10. bxc3 h5 11. f3 h4 (11... Nxg3 {simplifies} 12. hxg3 Nc6 13. Kf2 Be6) 12. Be5 f6 (12... Nf6 $1 $11) 13. fxe4 $16 fxe5 14. Nf3 dxe4 15. Nxe5 Nd7 16. Ng4 {[%emt 0:25:37] White is much more active.} O-O (16... Nb6 $14) 17. Be2 (17. g3 $1 $16) 17... Qe7 18. a4 Kg7 19. Qb3 Nf6 20. Ne5 Be6 21. Qb1 (21. Qxb7 Rab8 22. Qxa7 Rb2 $17) 21... Nd7 $1 22. Nc4 (22. Qxb7 $2 Nxe5 23. dxe5 Qc5 $19) (22. Qxe4 Bf5 23. Qd5 c6 $19) 22... Bxc4 23. Bxc4 Nb6 24. Bb3 (24. Qb3 $11) 24... c5 {[%emt 0:01:57] Strongly threatening ...c4.} 25. a5 Nd7 {[%emt 0:05:08] ...cxd4 is the strong threat.} 26. Qd1 (26. Bd1 $11) 26... cxd4 (26... Kh6 $17 {Threatens to win with ...cxd4.} 27. Ba4 Rad8) 27. Qxd4+ $11 Ne5 {[%emt 0:00:24][%cal Oh4h3] aiming for ...h3!} 28. Qxe4 $2 {[%emt 0:00:03][%mdl 8192] [#]} (28. Bc2 $1 $11 {and White stays safe.}) 28... Rad8 $2 ({Better is} 28... Rf4 $1 $19 29. Qc2 (29. exf4 $2 Nd3+ 30. Kd2 Qxe4 $19) 29... Rf2) 29. Bc2 $14 {[%emt 0:00:09] Black must now prevent Qh7+.} Kh8 ({Black should play} 29... Kh6 30. Rf1 Rxf1+ (30... Qc7 31. Ke2 $16) 31. Kxf1 h3) 30. Rf1 $16 {[%emt 0:01:04] Rxf8+ would now be deadly.} Qc7 $2 (30... Rfe8 $16 31. Ra4 Nc6) 31. Ke2 $2 (31. Rxf8+ $18 {and the rest is easy.} Rxf8 32. O-O-O) 31... Rfe8 $2 {[%emt 0:00:21] [#]} (31... Rxf1 $16 32. Rxf1 Qc4+ 33. Qxc4 Nxc4) 32. Ra4 $1 $18 Nd3 $2 (32... Qg7 33. Rf5 Nf7) 33. Qg6 Qe5 34. Qh6+ {[%emt 0:00:34] White mates.} (34. Bxd3 {gets mated.} Qxe3+ (34... Qxh2 35. Qh7#) 35. Kd1 Rxd3+ (35... Qxd3+ 36. Qxd3 Rxd3+ 37. Kc2 $11) 36. Kc2 Rxc3+ 37. Kb1 Rb3+ 38. Ka2 Qd2+ 39. Kxb3 Re3+ (39... Qe3+ $2 40. Kb2 $19) 40. Kc4 Rc3+ (40... Qc3+ 41. Kd5 Qe5+ 42. Kc4 Rc3+ 43. Kb4 Qc5#) 41. Kb5 Qd5+ 42. Kb4 Qc5#) 34... Kg8 35. Bb3+ (35. Bxd3 {leads to mate.} Qxe3+ 36. Kd1 Qxd3+ 37. Kc1 Qxf1+ 38. Kc2 Re2+ (38... Qxg2+ $2 39. Kb3 $19) 39. Kb3 Qb1+ (39... Rxg2 40. Qg6+ Kf8 41. Qh6+ Ke7 42. Re4+ Kd7 43. Qe6+ Kc7 44. Qe5+ Kc8 45. Rc4+ $11) 40. Kc4 Re4+ (40... Rxg2 $2 41. Qe6+ Kh7 42. Qe7+ Kh6 43. Qf6+ Qg6 44. Qxg6+ Kxg6 45. Ra1 $19) 41. Kc5 Re5+ 42. Kc4 Qb5#) 35... Rd5 36. Bxd5+ Qxd5 37. Qg6+ {[%emt 0:00:04] Weighted Error Value: White=0.42/Black=0.79.  Loses game:     	White=1     	Black=1      Missed win:     	White=1     	Black=1      Mistake:       	White=3     	Black=6      Inaccurate:     	White=5     	Black=3      OK:         	White=5     	Black=11     Best:        	White=4     	---        Strong:       	White=1     	Black=1} 1-0

[Event "125-Jahre Werder Bremen 2024"]
[Site "Bremen"]
[Date "2024.03.02"]
[Round "1.4"]
[White "Breutigam, Martin"]
[Black "Efimenko, Zahar"]
[Result "1/2-1/2"]
[ECO "A41"]
[WhiteElo "2359"]
[BlackElo "2568"]
[Annotator "TA"]
[PlyCount "41"]
[EventDate "2024.02.26"]
[EventType "swiss"]
[EventCountry "GER"]
[SourceTitle "playchess.com"]
[Source "ChessBase"]
[SourceQuality "1"]
[TimeControl "40/6000+30:1800+30"]

1. d4 d6 2. c4 e5 3. d5 f5 4. e4 Nf6 5. exf5 Bxf5 6. Nc3 Be7 7. Nge2 Na6 8. Ng3 Bd7 9. Be2 O-O 10. O-O c6 11. Be3 Kh8 12. a3 Nc7 13. Rc1 Qe8 (13... Be8 $14) 14. b4 {[%emt 0:28:36] White is more active.} ({White should play} 14. f4 $16 {Hoping for fxe5.} exf4 15. Rxf4 (15. Bxf4 cxd5 16. cxd5 Qd8 $16)) 14... cxd5 $11 15. cxd5 ({Much less strong is} 15. Nxd5 Ncxd5 16. cxd5 a5 $16) 15... Qf7 16. Bf3 Nb5 17. Nxb5 Bxb5 18. Re1 Bd8 {[%emt 0:06:43] Repels Rc7} 19. a4 Bd7 20. a5 a6 21. Ne4 {[%emt 0:02:16] Weighted Error Value: White=0.12 (very precise) /Black=0.08 (flawless) .  Mistake:       	White=1     	Black=1      Inaccurate:     	White=1     	Black=1      OK:         	White=6     	Black=4} 1/2-1/2

[Event "125-Jahre Werder Bremen 2024"]
[Site "Bremen"]
[Date "2024.03.02"]
[Round "1.5"]
[White "Teclaf, Pawel"]
[Black "Hejazipour, Mitra"]
[Result "1/2-1/2"]
[ECO "D32"]
[WhiteElo "2556"]
[BlackElo "2356"]
[Annotator "TA"]
[PlyCount "45"]
[EventDate "2024.02.26"]
[EventType "swiss"]
[EventCountry "GER"]
[SourceTitle "playchess.com"]
[Source "ChessBase"]
[SourceQuality "1"]
[TimeControl "40/6000+30:1800+30"]

1. Nf3 d5 2. e3 Nf6 3. c4 e6 4. b3 Be7 5. Bb2 O-O 6. Nc3 c5 7. cxd5 exd5 8. d4 Nc6 9. Be2 Bg4 10. dxc5 Bxc5 11. O-O a6 12. Rc1 {[%emt 0:03:08][%cal Oc3d5] Black should prevent Nxd5!} Ba7 13. Nd4 Bxd4 14. Bxg4 Be5 15. Bf3 Qd6 {[%emt 0:03:56] Prevents Ba3.} 16. g3 (16. Bxd5 $2 Nxd5 (16... Bxh2+ 17. Kh1 $15) 17. Qh5 Bxc3 18. Bxc3 Nxc3 19. Rxc3 Qd2 $19) 16... Rad8 17. Na4 Bxb2 18. Nxb2 Qa3 19. Nd3 Ne4 20. Qe2 Rfe8 21. Bxe4 dxe4 22. Nc5 Ne5 $1 {[%emt 0:08:39][%cal Od8d2] [#] And now ...Rd2! would win.} 23. Kg2 {[%emt 0:23:27] Weighted Error Value: White=0.04 (flawless) /Black=0.01 (flawless) .  Mistake:       	White=1     	---        OK:         	White=7     	Black=6      Strong:       	---       	Black=1} (23. Nxb7 $2 {is the wrong capture.} Rd2 (23... Nf3+ 24. Kg2 $11) 24. Qh5 g6 $19 (24... Rxa2 25. Rc7 $15) (24... Qxa2 $2 25. Qxe5 Rdd8 26. Qf4 $18)) (23. Nxe4 $11 {remains equal.} Qb4 24. Qc2) 1/2-1/2

[Event "125-Jahre Werder Bremen 2024"]
[Site "Bremen"]
[Date "2024.03.02"]
[Round "1.6"]
[White "Gloeckler, Christian"]
[Black "Pruijssers, Roeland"]
[Result "1/2-1/2"]
[ECO "C07"]
[WhiteElo "2356"]
[BlackElo "2537"]
[Annotator "RC"]
[PlyCount "87"]
[EventDate "2024.02.26"]
[EventType "swiss"]
[EventCountry "GER"]
[SourceTitle "playchess.com"]
[Source "ChessBase"]
[SourceQuality "1"]
[TimeControl "40/6000+30:1800+30"]

1. e4 e6 2. d4 d5 3. Nd2 c5 4. exd5 Qxd5 5. dxc5 Qxc5 6. Ngf3 Nf6 7. Bd3 Bd7 8. O-O Bc6 9. Nb3 Qh5 10. Nfd4 Qxd1 11. Rxd1 Be7 12. Nxc6 Nxc6 13. Bb5 O-O 14. Bxc6 bxc6 15. Na5 Rfc8 16. Bf4 Nd5 17. Bg3 Bb4 18. Nb7 Nb6 19. c4 Bf8 20. b3 a5 21. Bd6 Ra7 22. Nc5 a4 23. Rac1 axb3 24. axb3 Rd8 25. Bxf8 Rxd1+ 26. Rxd1 Kxf8 27. Kf1 Ke7 28. Ke2 f6 29. f4 h5 30. Rd2 Nc8 31. Kf2 e5 32. fxe5 fxe5 33. Re2 Kd6 34. Ne4+ Ke6 35. Rd2 g6 36. Rd8 Ne7 37. Rd6+ Kf7 38. Rf6+ Kg7 39. Re6 Ra2+ 40. Kf3 Nf5 41. Rxe5 Nd4+ 42. Ke3 Nf5+ 43. Kf3 Nd4+ 44. Ke3 1/2-1/2

[Event "125-Jahre Werder Bremen 2024"]
[Site "Bremen"]
[Date "2024.03.02"]
[Round "1.7"]
[White "Plat, Vojtech"]
[Black "Kopylov, Michael"]
[Result "1/2-1/2"]
[ECO "C01"]
[WhiteElo "2528"]
[BlackElo "2352"]
[Annotator "TA"]
[PlyCount "68"]
[EventDate "2024.02.26"]
[EventType "swiss"]
[EventCountry "GER"]
[SourceTitle "playchess.com"]
[Source "ChessBase"]
[SourceQuality "1"]
[TimeControl "40/6000+30:1800+30"]

1. e4 e6 2. d4 d5 3. Bd3 dxe4 4. Bxe4 Nf6 5. Bf3 c5 6. Ne2 Nc6 7. c3 Be7 8. O-O O-O {[%emt 0:01:46] The position is equal.} 9. Be3 Nd5 10. Bxd5 Qxd5 11. dxc5 Qh5 12. Nd4 Qh4 (12... Qg6 $11) 13. Nxc6 $16 bxc6 14. Qf3 Rb8 15. b3 (15. Qxc6 $6 Rxb2 16. Nd2 Bb7 $11) 15... Bf6 16. Bf4 (16. Qxc6 Bb7 17. Qa4 Qxa4 18. bxa4 Bc6 $16) 16... e5 17. Bg3 Qg5 18. h4 Qh6 19. Qxc6 Bb7 20. Qa4 Rfc8 21. Na3 Rxc5 22. Qxa7 Rcc8 23. Qe3 $2 {[%emt 0:00:04] [#]} (23. Nc4 $16 {Strongly threatening Nd6.} Bxh4 24. Bxh4 (24. Nxe5 Qg5 $14) (24. Bxe5 Qc6 $16) 24... Qxh4 25. f3 (25. Nxe5 $2 Qg5 $19)) 23... Qxe3 $11 (23... Bxh4 $2 24. Qxh6 (24. Qxe5 $2 Qc6 $19) (24. Bxe5 Bg5 $16) 24... gxh6 25. Bxh4 $18) 24. fxe3 Rxc3 25. Nc4 Ra8 $1 26. Nd6 (26. Nxe5 $2 {perishes.} Rxe3 27. Bf4 Re2 $19 (27... Rxe5 $2 28. Bxe5 Bxe5 29. Rad1 $19)) (26. Bxe5 $2 Rxc4 27. bxc4 (27. Bxf6 $2 Rg4 $19) 27... Bxe5 $19) 26... Bd5 {[%emt 0:06:20] A strong pair of Bishops.} (26... Rxe3 $2 27. Bf2 Re2 28. Nxb7 $18) 27. Rad1 Be6 (27... Rxe3 $2 {loses.} 28. Bf2 Rxa2 29. Rxd5 $18 (29. Bxe3 Rxg2+ 30. Kh1 Rd2+ 31. Kg1 Rg2+ 32. Kh1 Rd2+ 33. Kg1 Rg2+ $11)) 28. Rd2 Rxe3 29. Bf2 Rc3 30. Ne4 Rc6 31. Bg3 (31. Nc5 $11 {was preferrable.}) 31... Be7 {[%emt 0:02:53] aiming for ...f6.} 32. Bxe5 Bxh4 33. Bd4 Be7 34. Rf3 f6 {[%emt 0:03:47] Weighted Error Value: White=0.13 (very precise) /Black=0.10 (very precise) .  Mistake:       	White=2     	Black=1      Inaccurate:     	White=1     	Black=3      OK:         	White=10    	Black=14     Best:        	White=1     	Black=3      Strong:       	---       	Black=1} 1/2-1/2

[Event "125-Jahre Werder Bremen 2024"]
[Site "Bremen"]
[Date "2024.03.02"]
[Round "1.8"]
[White "Kopylov, Daniel"]
[Black "Krastev, Alexander"]
[Result "1/2-1/2"]
[ECO "B83"]
[WhiteElo "2346"]
[BlackElo "2457"]
[Annotator "TA"]
[PlyCount "41"]
[EventDate "2024.02.26"]
[EventType "swiss"]
[EventCountry "GER"]
[SourceTitle "playchess.com"]
[Source "ChessBase"]
[SourceQuality "1"]
[TimeControl "40/6000+30:1800+30"]

1. e4 c5 2. Nf3 Nc6 3. d4 cxd4 4. Nxd4 e6 5. Nc3 d6 6. Be2 Nf6 7. O-O Be7 8. Be3 O-O 9. f4 e5 10. Nf5 Bxf5 11. exf5 exf4 12. Rxf4 d5 13. Kh1 Re8 {[%emt 0:05:24] Black is better.} 14. Bg1 Bd6 15. Rf1 Be5 16. Bf3 Bxc3 17. bxc3 Qa5 18. Qb1 Re7 19. Qb3 Rae8 20. Rad1 Rd7 21. a4 {[%emt 0:08:46] Weighted Error Value: White=0.06 (flawless) /Black=0.05 (flawless) .  Inaccurate:     	White=1     	---        OK:         	White=6     	Black=4} 1/2-1/2

[Event "125-Jahre Werder Bremen 2024"]
[Site "Bremen"]
[Date "2024.03.02"]
[Round "1.9"]
[White "Knaak, Rainer"]
[Black "Radeva, Viktoria"]
[Result "1/2-1/2"]
[ECO "D35"]
[WhiteElo "2450"]
[BlackElo "2325"]
[Annotator "TA"]
[PlyCount "76"]
[EventDate "2024.02.26"]
[EventType "swiss"]
[EventCountry "GER"]
[SourceTitle "playchess.com"]
[Source "ChessBase"]
[SourceQuality "1"]
[TimeControl "40/6000+30:1800+30"]

1. d4 d5 2. c4 e6 3. Nc3 c6 4. Nf3 Nf6 5. Bg5 Nbd7 6. cxd5 exd5 7. e3 Be7 8. Bd3 Ne4 9. Bf4 Ndf6 10. Qc2 O-O 11. O-O Bf5 12. Ng5 Nxg5 13. Bxf5 Ne6 14. Be5 g6 15. Bxe6 fxe6 16. Qe2 Bd6 17. Rad1 Bxe5 18. dxe5 Nd7 19. f4 Qe7 20. Rf3 Rf7 21. e4 Raf8 22. exd5 $1 cxd5 23. Qe3 Qb4 24. g3 Qxb2 25. Rb1 Qa3 26. Nb5 Qxa2 (26... Qxe3+ {simplifies} 27. Rxe3 Nc5 28. Ra3 g5) 27. Rff1 (27. Qe1 $1 $11) 27... Nb6 {[%emt 0:02:25][%cal Bd7b6,Bb6c4,Bc4b2][%mdl 32] Hoping for ...Nc4.} 28. Ra1 Qb2 29. Rfb1 $1 Qc2 30. Nd4 Qc8 31. Rxa7 Nc4 32. Qd3 {[%emt 0:00:36] [#]} (32. Qc3 $1 $11 {keeps the balance.}) 32... b6 (32... g5 $1 $17) 33. Rba1 $11 {[%emt 0:00:51] The position is equal.} Rxa7 34. Rxa7 Qc5 35. Kg2 Nb2 36. Qd2 {[%emt 0:00:57] [#] And now f5 would win.} Nc4 37. Qd3 Nb2 38. Qd2 {[%emt 0:01:51] Strongly threatening f5.} Nc4 {[%emt 0:00:05] Weighted Error Value: White=0.11 (very precise) /Black=0.08 (flawless) .  Mistake:       	White=2     	Black=1      Inaccurate:     	White=1     	Black=1      OK:         	White=12    	Black=13     Best:        	White=1     	Black=2      Strong:       	White=2     	---} 1/2-1/2

[Event "125-Jahre Werder Bremen 2024"]
[Site "Bremen"]
[Date "2024.03.02"]
[Round "1.10"]
[White "Schneider, Jana"]
[Black "Wachinger, Nikolas"]
[Result "0-1"]
[ECO "B90"]
[WhiteElo "2303"]
[BlackElo "2442"]
[Annotator "TA"]
[PlyCount "128"]
[EventDate "2024.02.26"]
[EventType "swiss"]
[EventCountry "GER"]
[SourceTitle "playchess.com"]
[Source "ChessBase"]
[SourceQuality "1"]
[TimeControl "40/6000+30:1800+30"]

1. e4 c5 2. Nf3 d6 3. d4 cxd4 4. Nxd4 Nf6 5. Nc3 a6 6. Be3 e5 7. Nf3 Be7 8. Bc4 O-O 9. O-O Nc6 10. Qe2 Be6 11. Rfd1 Rc8 12. Bb3 Qc7 {[%emt 0:13:57] The position is equal.} 13. Bg5 Na5 14. Bxf6 Bxf6 15. Rac1 Qc5 16. Nd5 Bd8 17. Ne3 Nxb3 18. axb3 a5 19. Rd3 Qc6 20. Nd5 (20. Nd2 $5) 20... f5 21. Rc3 Qd7 22. Rxc8 Qxc8 23. Nc3 $1 Qc6 24. Rd1 Kh8 25. Qb5 ({Better is} 25. exf5 $11 Bxf5 26. Rd2) 25... Bc7 $15 (25... fxe4 $6 26. Qxc6 bxc6 27. Rxd6 $16 (27. Nxe4 Be7 $15)) 26. Ng5 Bg8 27. Qd3 (27. exf5 $15 Rxf5 28. Nf3) 27... h6 $17 28. Qh3 $2 (28. Nf3 $17 fxe4 29. Qxe4) 28... Bd8 $19 29. Nf3 fxe4 30. Nd2 d5 {[%emt 0:00:12] Repels Nc4} 31. Qh5 Bb6 32. Rf1 Qf6 {[%emt 0:02:04] White is weak on the dark squares} (32... e3 $142 33. fxe3 Bxe3+ 34. Kh1 Rf6 35. Qxe5 Bxd2 (35... Re6 $2 36. Qxd5 Qxd5 37. Nxd5 $19) 36. Rxf6 Qxf6 37. Qxf6 gxf6) 33. Qe2 Qf4 34. Nd1 Rf6 35. c4 Rg6 (35... d4 $1 $19 {Strongly threatening ...Bh7.} 36. g3 d3) 36. cxd5 $17 Bxd5 37. Nc3 {[%emt 0:00:03] [#]} (37. Ne3 $17 {is a better defense.} Bxe3 38. fxe3) 37... Bc6 $1 $19 38. Ncxe4 Bd4 39. g3 Qf5 $40 {[%emt 0:01:14][%mdl 128] Black attacks with force.} 40. Re1 Bxb2 {[%emt 0:00:51] This pair of bishops is nice.} 41. Nf3 Rg4 {[%emt 0:04:53] Dodges Nh4} 42. Ned2 (42. Nfd2 $142) 42... Bd5 43. Nxe5 Bxe5 44. Qxe5 Qxe5 45. Rxe5 {[%emt 0:00:00][%mdl 4096] Endgame. KRB-KRN} Rd4 46. Re2 Rd3 ({Black should try} 46... b5 $19 {And now ...a4 would win.} 47. f3 Rd3) 47. f4 (47. Kf1 $17 {might work better.}) 47... Bxb3 48. Nxb3 Rxb3 {[%emt 0:00:03] KR-KR} 49. Re8+ Kh7 50. Ra8 {[%emt 0:00:00] [#]} b6 51. Ra6 h5 52. Kf2 Kg6 53. h3 (53. Ke1 $142) 53... Kf5 54. Ra7 g6 55. Rf7+ Ke6 56. Rg7 Kf6 57. Rc7 (57. Ra7) 57... a4 58. g4 a3 59. Rc6+ Kf7 60. Rc7+ Ke6 {[%emt 0:00:08] ...h4 is the strong threat.} 61. Kg2 h4 62. Ra7 Kd5 {[%emt 0:00:48] Threatens to win with ...b5.} 63. g5 Ke4 64. Ra4+ Kf5 {[%emt 0:00:09] Weighted Error Value: White=0.57/Black=0.20 (precise) .  Loses game:     	White=1     	---        Mistake:       	White=7     	Black=3      Inaccurate:     	White=1     	Black=2      OK:         	White=19    	Black=19     Best:        	White=1     	Black=4      Strong:       	White=1     	Black=1} (64... Ke3 $142 65. f5 b5 (65... gxf5 66. g6 $11) 66. Ra7 Rb2+ (66... gxf5 $2 67. g6 $19) 67. Kg1 a2 (67... gxf5 68. g6 $11) 68. Ra3+ Ke4 69. Kf1 b4 (69... gxf5 {gets mated.} 70. g6 b4 71. Ra6 Rb1+ 72. Ke2 a1=Q 73. Rxa1 Rxa1 74. Kd2 Rg1 75. Kc2 Rxg6 76. Kb3 Rb6 77. Kc4 b3 78. Kc5 Rh6 79. Kb4 b2 80. Kc3 b1=Q 81. Kd2 Rb6 82. Ke2 Rb2#) 70. Ra4 Kxf5 71. Ra8 Kf4 (71... Kxg5 72. Ra7 Rc2 73. Ra5+ Kh6 74. Ra4 b3 75. Rxh4+ Kg7 76. Ra4 b2 77. Ra7+ Kh6 78. Re7 b1=Q+ 79. Re1) 72. Ra7 Kg3 (72... Kxg5 73. Ra5+ Kf4 74. Ke1 b3 75. Kf1 Kg3 76. Ke1 Kh2 77. Kd1 Rg2 78. Ke1 b2 79. Rd5 b1=Q+ 80. Rd1 Qe4+ 81. Kf1 Qe2#) 73. Ke1 b3 (73... Kxh3 74. Kd1 b3 75. Ke1 Kg2 76. Kd1 h3 77. Ra4 h2 78. Rg4+ Kf3 79. Rf4+ Kxf4 80. Ke1 h1=Q#) (73... Rb1+ 74. Kd2 a1=Q 75. Rxa1 Rxa1 76. Kd3 Rc1 77. Ke3 b3 78. Ke4 b2 79. Ke5 b1=Q 80. Kf6 Rc7 81. Ke6 Qb5 82. Kd6 Rd7+ 83. Ke6 Qf5#) 74. Ra6 Kh2 (74... Kxh3 75. Kd1 Kg2 76. Ra4 h3 77. Rg4+ Kf3 78. Ra4 h2 79. Rf4+ Kxf4 80. Ke1 h1=Q#) (74... Rb1+ 75. Kd2 a1=Q 76. Rxa1 Rxa1 77. Kc3 Rc1+ 78. Kxb3 Kxh3 79. Kb2 Rc8 80. Ka3 Kg4 81. Kb4 h3 82. Kb5 h2 83. Ka6 h1=Q 84. Kb6 Qc6+ 85. Ka5 Qb7 86. Ka4 Ra8#) 75. Ra4 Rg2 (75... Kxh3 76. Kd1 Rg2 77. Ra3 Kh2 78. Ra4 b2 79. Rxh4+ Kg3 80. Rg4+ Kxg4 81. Ke1 b1=Q#) 76. Ra8 b2 (76... Kxh3 77. Ra7 b2 78. Ra3+ Kh2 79. Rd3 b1=Q+ 80. Rd1 Qe4+ 81. Kf1 Qe2#) 77. Rd8 b1=Q+ (77... b1=R+ $2 78. Rd1 Rxd1+ 79. Kxd1 a1=Q#) 78. Rd1 Qe4+ 79. Kf1 Qe2#) 0-1